 Dungeon Crawl Stone Soup version 0.21-a0-480-g5da0f0d (webtiles) character file.

244 slep the Slasher (level 5, -2/46 HPs)
             Began as a Minotaur Gladiator on Nov 23, 2017.
             Slain by a killer bee (6 damage)
             ... on level 3 of the Dungeon.
             The game lasted 00:05:49 (1197 turns).

slep the Slasher (Minotaur Gladiator)               Turns: 1197, Time: 00:05:50

Health: -2/46      AC:  7    Str: 19    XL:     5   Next: 83%
Magic:  4/4        EV: 12    Int:  5    God:
Gold:   80         SH:  0    Dex: 12    Spells: 4/4 levels left

rFire    . . .     SeeInvis .   a - +0 long sword
rCold    . . .     Gourm    .   (no shield)
rNeg     . . .     Faith    .   g - +0 scale mail
rPois    .         Spirit   .   c - +0 hat
rElec    .         Reflect  .   l - scarf {cloud immunity}
rCorr    .         Harm     .   r - +0 pair of gloves
MR       .....                  (no boots)
Stlth    ..........             (no amulet)
HPRegen  0.15/turn              n - +1 ring of evasion
MPRegen  0.09/turn              (no ring)

@: no status effects
A: retaliatory headbutt, horns 2
a: no special abilities


You were on level 3 of the Dungeon.
You were not hungry.

You visited 1 branch of the dungeon, and saw 3 of its levels.

You collected 80 gold pieces.

Inventory:

Hand Weapons
 a - a +0 long sword (weapon)
Missiles
 d - 3 throwing nets (quivered)
 i - 18 poisoned needles
Armour
 b - a +0 leather armour
 c - a +0 hat (worn)
 g - a +0 scale mail (worn)
 l - a scarf of cloud immunity (worn)
 q - a cursed +0 robe
 r - a +0 pair of gloves (worn)
Jewellery
 n - a +1 ring of evasion (left hand)
Wands
 u - a wand of disintegration (16)
Scrolls
 e - 2 scrolls of identify {unknown}
 h - 3 scrolls of remove curse {unknown}
 m - 2 scrolls of teleportation {unknown}
Potions
 j - a potion of mutation {unknown}
 k - a potion of haste {unknown}
 o - a potion of flight {unknown}
Comestibles
 f - a bread ration
 s - a fruit
 t - 7 chunks of flesh


   Skills:
 + Level 3.7 Fighting
 + Level 6.0 Long Blades
 + Level 2.3 Throwing
 + Level 2.0 Armour
 + Level 4.3 Dodging
 + Level 0.2 Stealth


You had 4 spell levels left.
You didn't know any spells.

Dungeon Overview and Level Annotations

Branches:
Dungeon (3/15)

Altars:
Sif Muna
Vehumet
Xom


Innate Abilities, Weirdness & Mutations

You reflexively headbutt those who attack you in melee.
You have a pair of horns on your head.


Message History

The killer bee barely misses you.
You hit the killer bee.
The killer bee is moderately wounded.
The killer bee closely misses you.
You riposte.
You miss the killer bee. Your headbutt misses the killer bee.
The killer bee is moderately wounded.
The killer bee stings you.
* * * LOW HITPOINT WARNING * * *
You are more poisoned.
The killer bee poisons you!
The killer bee stings you but does no damage.
You feel better. The killer bee stings you.
* * * LOW HITPOINT WARNING * * *
The killer bee closely misses you.
You miss the killer bee. Your headbutt misses the killer bee.
The killer bee is moderately wounded.
The killer bee stings you.
* * * LOW HITPOINT WARNING * * *
The killer bee stings you.
You die...

..................#.##..
................# #.....
................##......
y...............#.......
...............##.......
#..............>...
##.##.######.......
#y##.## #....... #@##..#
##...... #..##†###
#....... ...##..#...#
#......)
#.....†##.###.......
######.#....#.......
######.#####...
#.....#... ###.###.#...
#...###.#.##


You could see a killer bee.

Vanquished Creatures
  3 killer bees (D:3)
  5 adders (D:2)
  A worm (D:2)
  2 dart slugs
  2 leopard geckos
  A ball python (D:2)
  4 bats (D:2)
  5 giant cockroaches
  6 goblins
  9 hobgoblins
  A quokka (D:2)
  8 frilled lizards
  7 kobolds
  7 rats
61 creatures vanquished.

Notes
Turn   | Place    | Note
-------+----------+-------------------------------------------
     0 | D:1      | slep the Minotaur Gladiator began the quest for the Orb.
     0 | D:1      | Reached XP level 1. HP: 18/18 MP: 0/0
   167 | D:1      | Reached XP level 2. HP: 25/25 MP: 1/1
   243 | D:1      | Reached skill level 4 in Long Blades
   305 | D:1      | You fall through a shaft!
   352 | D:2      | Reached XP level 3. HP: 26/30 MP: 2/2
   532 | D:2      | Found a shimmering altar of Xom.
   592 | D:2      | Reached XP level 4. HP: 37/37 MP: 3/3
   987 | D:2      | Found a deep blue altar of Sif Muna.
  1039 | D:3      | Reached skill level 5 in Long Blades
  1133 | D:3      | Found a radiant altar of Vehumet.
  1165 | D:3      | Reached skill level 1 in Armour
  1180 | D:3      | Reached XP level 5. HP: 33/45 MP: 4/4
  1192 | D:3      | Reached skill level 6 in Long Blades
  1195 | D:3      | HP: 1/46 [killer bee (5)]
  1197 | D:3      | Slain by a killer bee

Vault maps used:
D:1:      mrwooster_arrival_arrow, kennysheep_boxes
D:2:      lemuel_crystal_altar, brannock_xom_greatest_gift, nrook_mini_backslash
D:3:      nicolae_overflow_crystal_walls, lemuel_crystal_altar

Skill      XL: |  1  2  3  4  5 |
---------------+----------------+-----
Long Blades    | 4 5 6 |  6.0
Dodging        | 4 |  4.3
Fighting       | 3 |  3.7
Armour         | 1 2 |  2.0
Throwing       | |  2.3
Stealth        | |  0.2

Action                   |  1- 3 |  4- 6 || total
-------------------------+-------+-------++-------
Melee: Long sword        |    59 |    58 ||   117
       Headbutt          |     8 |     7 ||    15
  Use: Potion            |       |     2 ||     2
  Eat: Chunk             |       |     1 ||     1
Armor: Leather armour    |     1 |       ||     1
       Scale mail        |    16 |    21 ||    37
Dodge: Dodged            |    50 |    47 ||    97
       Rpst.: Long sword |     7 |    11 ||    18

Table legend:
 A = Spawn XP
 B = Non-spawn XP
 C = Spawn XP percentage of total XP
 D = Spawn monster count
 E = Non-spawn monster count
 F = Spawn count percentage of total count
 G = Total turns spent on level
                    A         B        C        D         E        F      G
               +---------+---------+-------+---------+---------+-------+---------
         Total |       0 |     349 |   0.0 |       0 |      61 |   0.0 |  1197
               +---------+---------+-------+---------+---------+-------+---------
           D:1 |       0 |      22 |   0.0 |       0 |      13 |   0.0 |   305
           D:2 |       0 |     116 |   0.0 |       0 |      34 |   0.0 |   732
           D:3 |       0 |     211 |   0.0 |       0 |      14 |   0.0 |   160
               +---------+---------+-------+---------+---------+-------+---------
